 Dungeon Crawl Stone Soup version 0.27.1-34-g3ba077fa99 (webtiles) character file.

Game seed: 7927952851932437655

1 cbfl8 the Sneak (level 1, -1/19 HPs)
             Began as a Minotaur Delver on Jan 27, 2022.
             Succumbed to a scorpion's poison
             ... on level 5 of the Dungeon.
             The game lasted 00:00:21 (69 turns).

cbfl8 the Sneak (Minotaur Delver)                     Turns: 69, Time: 00:00:22

Health: -1/19      AC:  3    Str: 16    XL:     1   Next: 16%
Magic:  0/0        EV: 11    Int:  7    God:
Gold:   0          SH:  0    Dex: 11    Spells: 0/0 levels left

rFire    . . .     SeeInvis .   a - +0 hand axe
rCold    . . .     Faith    .   (no shield)
rNeg     . . .     Spirit   .   b - +0 leather armour
rPois    .         Reflect  .   (helmet restricted)
rElec    .         Harm     .   (no cloak)
rCorr    .         Rampage  .   (no gloves)
Will     .....                  (no boots)
Stlth    +.........             (no amulet)
HPRegen  0.06/turn              (no ring)
MPRegen  0.07/turn              (no ring)

@: lethally poisoned (-1 -> -13), hasted, slow
A: horns 2, retaliatory headbutt
a: no special abilities


You were on level 5 of the Dungeon.
You visited 1 branch of the dungeon, and saw 1 of its levels.

Inventory:

Hand Weapons
 a - a +0 hand axe (weapon)
Armour
 b - a +0 leather armour (worn)
Wands
 g - a wand of digging (3)
Scrolls
 c - a scroll of fog
 d - a scroll of magic mapping


   Skills:
 + Level 3.6 Fighting
 + Level 2.4 Axes
 + Level 2.1 Dodging
 + Level 4.1 Stealth


You couldn't memorise any spells.
You didn't know any spells.
Your spell library was empty.

Dungeon Overview and Level Annotations

Branches:
Dungeon (5/15)
 Temple: D:4-7

Altars:

Portals:
Sewer: D:5


Innate Abilities, Weirdness & Mutations

You have a pair of horns on your head.
You reflexively headbutt those who attack you in melee.


Message History

You kill the giant cockroach!
You barely miss the bullfrog skeleton.
The bullfrog skeleton completely misses you.
A giant cockroach comes into view.
Found a glowing drain.
You see here a giant cockroach corpse.
The ice beast barely misses you. You furiously retaliate!
You headbutt the ice beast, but do no damage.
A river rat, a giant cockroach and a scorpion come into view.
A river rat comes into view.
A rat comes into view.
You hear the slow rusting of a drain.
The giant cockroach bites you but does no damage.
The bullfrog skeleton hits you. The giant cockroach closely misses you.
The bullfrog skeleton hits you but does no damage.
Found a stone staircase leading up.
The giant cockroach bites you but does no damage.
The river rat bites you. The scorpion stings you!
You enter the shallow water.
Moving in this stuff is going to be slow.
The giant cockroach bites you but does no damage.
The river rat bites you but does no damage.
The scorpion closely misses you. The giant cockroach closely misses you.
The river rat bites you.
* * * LOW HITPOINT WARNING * * *
The scorpion stings you.
* * * LOW HITPOINT WARNING * * *
You are lethally poisoned!
The scorpion poisons you!
The giant cockroach bites you but does no damage.
As you read the scroll of fear, it crumbles to dust.
You assume a fearsome visage.
The rat looks frightened!
The river rat looks frightened!
The giant cockroach looks frightened! x2
The river rat looks frightened!
The scorpion looks frightened!
The orc looks frightened! x2; The ice beast looks frightened!
The bullfrog skeleton is unaffected.
* * * LOW HITPOINT WARNING * * *
You feel very sick.
You die...

########
#####......#
#..........#
#..........##
#...≈≈≈......
#..≈r≈≈≈.....
#.r≈≈∩≈≈.....
#.Z≈≈@≈≈.....
#...≈B≈......
#.s..Y.......
#.B.r........
#..###.#.....
##+######.##
.....<.
#.......†o#
##.....
#.......o##
.....
#........#
...


You could see an ice beast (fleeing), a scorpion (fleeing), 2 river rats, 2
orcs, 2 giant cockroaches, a rat (fleeing) and a bullfrog skeleton.

Vanquished Creatures
  A giant cockroach (D:5)
1 creature vanquished.

Notes
Turn   | Place    | Note
-------+----------+-------------------------------------------
     0 | D:5      | cbfl8 the Minotaur Delver began the quest for the Orb.
     0 | D:5      | Reached XP level 1. HP: 19/19 MP: 0/0
    32 | D:5      | Noticed an ice beast
    57 | D:5      | Found a glowing drain.
    59 | D:5      | Noticed a scorpion
    69 | D:5      | Succumbed to a scorpion's poison

Illustrated notes

Levels and vault maps discovered:
D:5:      layout_gridville, portal_sewer_entry_a

Action                   || total
-------------------------++-------
Melee: Hand axe          ||     2
       Headbutt          ||     1
  Use: Scroll            ||     1
       Potion            ||     1
Armor: Leather armour    ||     9
Dodge: Dodged            ||     8
